 Dungeon Crawl Stone Soup version 0.17.1-1-g73c8601 (webtiles) character file.

58 zercules the Magician (level 3, -2/16 HPs)
             Began as a Spriggan Earth Elementalist on Jan 13, 2016.
             Killed from afar by Natasha (9 damage)
             ... with a magic dart
             ... on level 3 of the Dungeon.
             The game lasted 00:09:45 (1445 turns).

zercules the Magician (Spriggan Earth Elementalist) Turns: 1445, Time: 00:09:45

Health: -2/16      AC:  2    Str:  5    XL:     3   Next: 76%
Magic:  9/9        EV: 18    Int: 16    God:
Gold:   109        SH:  0    Dex: 16    Spells: 3 memorised, 3 levels left

rFire  . . .     SeeInvis +     j - +0 falchion (curse)
rCold  . . .     Clarity  .     a - +0 robe
rNeg   . . .     SustAt   .     (shield restricted)
rPois  .         Gourm    .     (helmet restricted)
rElec  .         Spirit   .     (no cloak)
rCorr  .         Warding  .     (gloves unavailable)
rMut   .         Stasis   .     (boots unavailable)
MR     .....                    (no amulet)
Stlth  +++.......               (no ring)
                                (no ring)

@: very quick, not resistant to hostile enchantments, fairly stealthy
A: unfitting armour, see invisible, herbivore 3, speed 3, slow metabolism 2
a: no special abilities


You were on level 3 of the Dungeon.
You were not hungry.

You visited 1 branch of the dungeon, and saw 3 of its levels.

You collected 109 gold pieces.

Inventory:

Hand Weapons
 j - a cursed +0 falchion (weapon)
 m - a +0 dagger
 q - a +0 war axe
Missiles
 b - 14 stones
 s - 2 tomahawks (quivered)
Armour
 a - a +0 robe (worn)
Scrolls
 e - 2 scrolls of magic mapping {unknown}
 f - a scroll of enchant weapon {unknown}
 h - a scroll of amnesia {unknown}
 n - 2 scrolls of enchant armour
 p - a scroll of remove curse {unknown}
Potions
 g - a potion of curing {unknown}
 k - 4 potions of lignification
 l - a potion of resistance
 o - 2 potions of poison
 r - a potion of haste
Books
 c - a book of Geomancy

   Spells                             Type                      Level
   a - Sandblast                      Earth                        1
   b - Stoneskin                      Transmutation/Earth          2
   c - Passwall                       Transmutation/Earth          3
   d - Stone Arrow                    Conjuration/Earth            3
   e - Petrify                        Transmutation/Earth          4
   f - Lee's Rapid Deconstruction     Earth                        5
Comestibles
 d - a bread ration
 i - 3 fruits


   Skills:
 + Level 3.4 Dodging
 + Level 3.3 Stealth
 + Level 3.9 Spellcasting
 + Level 1.3 Transmutations
 + Level 3.4 Earth Magic


You had 3 spell levels left.
You knew the following spells:

 Your Spells              Type           Power        Failure   Level  Hunger
a - Sandblast             Erth           ##....       6%          1    None
b - Stoneskin             Trmt/Erth      ##......     12%         2    ##.....
c - Stone Arrow           Conj/Erth      #.....       28%         3    ###....


Dungeon Overview and Level Annotations

Branches:
Dungeon (3/15)

Altars:
Fedhas

Annotations:
D:3 Natasha


Innate Abilities, Weirdness & Mutations

You are tiny and cannot use many weapons and most armour.
You have supernaturally acute eyesight.
You are a herbivore.
You cover ground extremely quickly.
You need consume almost no food.


Message History

You enter the shallow water.
Moving in this stuff is going to be slow.
You see here a short sword.
Natasha, Servant of Life and Death comes into view.
Natasha hisses angrily.
You closely miss Natasha. Natasha claws you!
Ouch! That really hurt!
You closely miss Natasha. Natasha closely misses you.
Natasha barely misses you.
You hit Natasha.
Natasha is moderately wounded.
Natasha closely misses you.
You closely miss Natasha.
Natasha is moderately wounded.
Natasha growls.
Natasha mumbles some strange words.
Natasha casts a spell at you. The magic dart hits you!
Ouch! That really hurt!
You die...

........##........#.#
##..........#..#.##.#
####.#.###.#.#..##.#
#.#.......#).##.#
##'#####......##.#
##...## ###.#.###.#
##.....## #.......#
##.......## ###.#####
#.........####..@########
).........+.......h......
#.........####<.5########
##.......## ##..#
##.....## ##.# ##...##
#.# ##+## #.# #.# #.


You could see an iron imp and Natasha.

Vanquished Creatures
  An ooze (D:1)
  4 orcs (D:3)
  5 giant cockroaches
  4 goblins
  4 hobgoblins (D:1)
  10 jackals
  4 bats
  3 giant newts
  6 kobolds
  3 rats
44 creatures vanquished.

Notes
Turn   | Place    | Note
--------------------------------------------------------------
     0 | D:1      | zercules the Spriggan Earth Elementalist began the quest for the Orb.
     0 | D:1      | Reached XP level 1. HP: 9/9 MP: 5/5
   191 | D:1      | Reached XP level 2. HP: 13/13 MP: 0/7
   392 | D:1      | Learned a level 2 spell: Stoneskin
   573 | D:1      | Reached XP level 3. HP: 16/16 MP: 3/8
   635 | D:1      | You fall through a shaft!
  1270 | D:3      | Learned a level 3 spell: Stone Arrow
  1390 | D:3      | Found a blossoming altar of Fedhas.
  1437 | D:3      | Noticed Natasha
  1445 | D:3      | Killed from afar by Natasha

Action                   || total
-------------------------++-------
Melee: Falchion          ||    22
       War axe           ||    17
Throw: Tomahawk          ||     5
 Cast: Sandblast         ||    63
  Use: Scroll            ||     5
